 Dungeon Crawl Stone Soup version 0.31-a0-455-g1a7b003ef0 (webtiles) character file.

Game seed: 2224609372106250041

19 ytrimaz the Changeling (level 2, 0/21 HPs)
             Began as a Demonspawn Shapeshifter on Aug 4, 2023.
             Slain by a hobgoblin (4 damage)
             ... on level 1 of the Dungeon.
             The game lasted 00:00:38 (314 turns).

ytrimaz the Changeling (Demonspawn Shapeshifter)     Turns: 314, Time: 00:00:38

Health: 0/21       AC:  2    Str: 15    XL:     2   Next: 55%
Magic:  2/2        EV: 12    Int:  9    God:
Gold:   13         SH:  0    Dex: 13    Spells: 1/1 levels left

rFire   . .          .
                       - Unarmed
rCold   . . .        (no shield)
rNeg    . . .        a - +0 animal skin
rPois   .            (helmet currently unavailable)
rElec   .            (cloak currently unavailable)
rCorr   .            (gloves currently unavailable)
SInv    .            (boots currently unavailable)
Will    .....        (no amulet)
Stlth   +            (no ring)
HPRegen 0.23/turn    (no ring)
MPRegen 0.08/turn

%: no passive effects
@: beast-form
A: beast (slay +2), powered by pain 1
a: Begin Untransformation


You were on level 1 of the Dungeon.
You were a hulking beast.
You visited 1 branch of the dungeon, and saw 1 of its levels.

You collected 13 gold pieces.


Innate Abilities, Weirdness & Mutations

You are a hulking beast.
Your limbs bulge with bestial killing power. (Slay +2)
You sometimes gain a little power by taking damage.


   Skills:
 - Level 1.0 Fighting
 - Level 1.7 Dodging
 + Level 3.0 Unarmed Combat
 * Level 3.1 Shapeshifting


You had one spell level left.
You didn't know any spells.
Your spell library contained the following spells:

 Spells                   Type           Power      Damage    Failure   Level
 Ignite Poison            Fire/Tmut/Pois 0%         N/A       77%         3
 Sticky Flame             Conj/Fire      0%         2d3       99%         4
 Ignition                 Fire           0%         3d3       100%        8

Inventory:

Armour
 a - a +0 animal skin (worn)
 f - a +0 pair of boots
   (You found it on level 1 of the Dungeon)
Talismans
 c - a beast talisman (active)
Scrolls
 d - 3 scrolls of poison {unknown}
 e - a scroll of teleportation {unknown}
Potions
 b - a potion of lignification

Dungeon Overview and Level Annotations

Branches:
Dungeon (1/15) Zot: 5686

Altars:

...### .# #....# .# g #. ..#
###.#
.g###>##.##########...#### .
.................>.....# ..#
?.....#######.##..####
#(.$##.#....# #..#...#
#....†....####......#
##....#...gh....##..#
#........##g...##..#
#............####(.#
##........#...###.## #.
#........#.#.....#
#.##..(..##.#.#..#..#########
#.#....................##....
#.#.#.......#....#.###.##....
#.............#....###.......


You could see a hobgoblin and a goblin.


Message History

No target in view!
No target in view!
No target in view!
No target in view!
No target in view!
No target in view!
A hobgoblin is nearby!
The hobgoblin closely misses you.
There are monsters nearby!
You hit the hobgoblin. The hobgoblin barely misses you.
You barely miss the hobgoblin.
The hobgoblin hits you but does no damage.
You completely miss the hobgoblin. The bat hits you. x2
The hobgoblin hits you. 😕 HP[-5]
You take 5 damage, and now have 16/21 hp.
MASSIVE DAMAGE!! (PAUSE)
You hit the hobgoblin but do no damage. The bat barely misses you.
The hobgoblin hits you but does no damage.
You hit the hobgoblin.
You kill the hobgoblin!
The bat closely misses you.
You closely miss the bat. The bat hits you but does no damage.
A goblin comes into view. It is wielding a +0 club.
The goblin shouts!
A bat comes into view.
A hobgoblin comes into view.
The bat hits you but does no damage.
You see here a hobgoblin corpse.
You closely miss the bat. The bat closely misses you.
A hobgoblin comes into view. 😕 HP[+1] Unknown command.
The bat hits you. 😕 HP[-1]
You take 1 damage, and now have 16/21 hp.
You barely miss the bat. The bat hits you. x2 😮 HP[-2]
You take 2 damage, and now have 14/21 hp.
You are too injured to fight recklessly!
You are too injured to fight recklessly!
You are too injured to fight recklessly!
You are too injured to fight recklessly!
You are too injured to fight recklessly!
You are too injured to fight recklessly!
You are too injured to fight recklessly!
You are too injured to fight recklessly!
You are too injured to fight recklessly!
You are too injured to fight recklessly!
You are too injured to fight recklessly!
You are too injured to fight recklessly!
You are too injured to fight recklessly!
You are too injured to fight recklessly!
You are too injured to fight recklessly!
You are too injured to fight recklessly!
You hit the bat. The bat closely misses you.
Unknown command.
You barely miss the bat. The bat hits you but does no damage.
The bat misses you.
You completely miss the bat.
The bat hits you but does no damage. x2 😮 HP[+1]
You hit the bat.
You kill the bat!
The goblin hits you with a +0 club.
Unknown command. 😮 HP[-1]
You take 1 damage, and now have 14/21 hp.
The goblin attacks as you move away! The goblin closely misses you.
The goblin attacks as you move away! The goblin hits you with a +0 club.
The bat closely misses you. 😮 HP[-2]
You take 2 damage, and now have 12/21 hp.
Unknown command. 😮 HP[+1]
The bat attacks as you move away! The bat misses you.
The bat completely misses you. The bat barely misses you.
The bat completely misses you. The bat hits you.
You hit the bat. The bat barely misses you.
You closely miss the bat. The bat barely misses you. x2
You are too injured to fight recklessly!
You hit the bat.
You kill the bat!
You barely miss the goblin.
You are too injured to fight recklessly!
Unknown command.
The goblin hits you with a +0 club. The hobgoblin hits you.
* * * LOW HITPOINT WARNING * * *
😨 HP[-4]
You take 4 damage, and now have 9/21 hp.
You are too injured to fight recklessly!
You hit the hobgoblin. The goblin hits you with a +0 club.
* * * LOW HITPOINT WARNING * * *
The hobgoblin closely misses you. 😨 HP[-3]
You take 3 damage, and now have 6/21 hp.
You are too injured to fight recklessly!
You hit the hobgoblin. The goblin hits you with a +0 club.
* * * LOW HITPOINT WARNING * * *
The hobgoblin hits you.
You die...

Skill      XL: |  1  2 |
---------------+-------+-----
Shapeshifting  | 3 |  3.1
Unarmed Combat | 3 |  3.0
Fighting       | |  1.0
Dodging        | |  1.7

Action                     || total
---------------------------++-------
  Melee: Unarmed           ||    55
         Punch             ||     1
 Armour: Animal skin       ||    21
  Dodge: Dodged            ||    39

Levels and vault maps discovered:
D:1:      psy_arrival_whirlpool, layout_rooms,
          hellmonk_ecumenical_altar_defaced_shrine

Notes
Turn   | Place    | Note
-------+----------+-------------------------------------------
     0 | D:1      | ytrimaz the Demonspawn Shapeshifter began the quest for the
                  | Orb.
     0 | D:1      | Reached XP level 1. HP: 15/15 MP: 1/1
     0 | D:1      | magus.rc [v1.9.6]
    23 | D:1      | HP: 3/15 [giant cockroach (1)]
    27 | D:1      | HP: 1/15 [giant cockroach (2)]
    32 | D:1      | Reached skill level 3 in Shapeshifting
    32 | D:1      | Gained mutation: You sometimes gain a little power by
                  | taking damage. [demonic ancestry]
    32 | D:1      | Reached XP level 2. HP: 2/21 MP: 2/2
   230 | D:1      | You add the spells Ignite Poison, Sticky Flame and Ignition
                  | to your library.
   258 | D:1      | Reached skill level 3 in Unarmed Combat
   314 | D:1      | HP: 4/21 [goblin/+0 club (2)]
   314 | D:1      | Slain by a hobgoblin

Vanquished Creatures
  2 dart slugs (D:1)
  A ball python (D:1)
  An endoplasm (D:1)
  A giant cockroach (D:1)
  A hobgoblin (D:1)
  3 kobolds (D:1)
  3 bats (D:1)
  3 frilled lizards (D:1)
15 creatures vanquished.

Table legend:
 A = Non-vault XP
 B = Vault XP
 C = Vault XP percentage of total XP
 D = Non-vault monster count
 E = Vault monster count
 F = Vault count percentage of total count
                 A         B        C        D         E       F
            +---------+---------+-------+---------+---------+-------
      Total |      28 |       0 |   0.0 |      15 |       0 |   0.0
            +---------+---------+-------+---------+---------+-------
        D:1 |      28 |       0 |   0.0 |      15 |       0 |   0.0
            +---------+---------+-------+---------+---------+-------

Skill      XL: |  1  2 |
---------------+-------+-----
Shapeshifting  | 3 |  3.1
Unarmed Combat | 3 |  3.0
Fighting       | |  1.0
Dodging        | |  1.7

Action                     || total
---------------------------++-------
  Melee: Unarmed           ||    55
         Punch             ||     1
 Armour: Animal skin       ||    21
  Dodge: Dodged            ||    39

Illustrated notes

Table legend:
 A = Kills in this place as a percentage of kills in the entire game.
 B = Kills by you in this place as a percentage of kills by you in the entire game.
 C = Kills by friends in this place as a percentage of kills by friends in the entire game.
 D = Other kills in this place as a percentage of other kills in the entire game.
 E = Experience gained in this place as a percentage of experience gained in the entire game.
 F = Experience gained in this place divided by the number of levels of this place that you have seen.
                   A       B       C       D       E      F
               +-------+-------+-------+-------+-------+----------------------
         Total | 100.0 | 100.0 |   N/A |   N/A | 100.0 |  28.0
       Dungeon | 100.0 | 100.0 |   N/A |   N/A | 100.0 |  28.0
               +-------+-------+-------+-------+-------+----------------------

Table legend: (Time is in decaauts)
 A = Elapsed time spent in this place.
 B = Non-inter-level travel time spent in this place.
 C = Inter-level travel time spent in this place.
 D = Time resting spent in this place.
 E = Time spent auto-exploring this place.
 F = Levels seen in this place.
 G = Mean time per level.
                   A        B        C        D        E       F      G
               +--------+--------+--------+--------+--------+-----+--------+
         Total |    312 |    312 |      0 |      0 |    203 |   1 |  312.0 |
       Dungeon |    312 |    312 |      0 |      0 |    203 |   1 |  312.0 |
               +--------+--------+--------+--------+--------+-----+--------+

Top non-repeatable levels by time:
     D:1: 312 daAuts
